 Dungeon Crawl Stone Soup version 0.26.1-11-gd32895ea62 (webtiles) character file.

Game seed: 9606942237815482686

46 MisterFreud the Ruffian (level 3, -1/36 HPs)
             Began as a Troll Monk on Apr 28, 2021.
             Slain by a gnoll
             ... wielding a +2 vorpal spear
              (8 damage)
             ... on level 4 of the Dungeon.
             The game lasted 00:01:32 (989 turns).

MisterFreud the Ruffian (Troll Monk)                 Turns: 989, Time: 00:01:33

Health: -1/36      AC:  6    Str: 19    XL:     3   Next: 46%
Magic:  2/2        EV: 10    Int:  6    God:
Gold:   72         SH:  0    Dex: 13    Spells: 2/2 levels left

rFire    . . .     SeeInvis .     - Unarmed
rCold    . . .     Faith    .   (no shield)
rNeg     . . .     Spirit   .   a - +0 robe
rPois    .         Reflect  .   (helmet restricted)
rElec    .         Harm     .   (no cloak)
rCorr    .         Rampage  .   (gloves unavailable)
Will     .....                  (boots unavailable)
Stlth    ++........             (no amulet)
HPRegen  0.52/turn              (no ring)
MPRegen  0.08/turn              (no ring)

@: no status effects
A: large, unfitting armour, claws 3, regeneration 1, shaggy fur 1, tough skin 3
a: no special abilities


You were on level 4 of the Dungeon.
You visited 1 branch of the dungeon, and saw 3 of its levels.

You collected 72 gold pieces.

Inventory:

Missiles
 g - 10 poisoned darts (quivered)
Armour
 a - a +0 robe (worn)
Wands
 k - a wand of flame (20)
 l - a wand of paralysis (8)
Scrolls
 b - a scroll of teleportation {unknown}
 c - 3 scrolls of identify {unknown}
 f - a scroll of enchant weapon {unknown}
 j - 2 scrolls of remove curse {unknown}
Potions
 d - 2 potions of degeneration {unknown}
 e - a potion of lignification {unknown}
 h - 2 potions of invisibility {unknown}
 i - a potion of heal wounds {unknown}


   Skills:
 - Level 2.4 Fighting
 - Level 2.4 Dodging
 - Level 1.0 Stealth
 + Level 4.5 Unarmed Combat


You had 2 spell levels left.
You didn't know any spells.
Your spell library was empty.

Dungeon Overview and Level Annotations

Branches:
Dungeon (2/15)

Altars:


Innate Abilities, Weirdness & Mutations

You are too large for most types of armour.
You have claws for hands.
Your natural rate of healing is unusually fast.
You are covered in fur. (AC +1)
You have extremely tough skin. (AC +3)


Message History

The gnoll hits you from afar with a +2 vorpal spear.
You scratch the gnoll.
The gnoll is lightly wounded.
The gnoll hits you with a +0 club. The gnoll closely misses you.
You closely miss the gnoll.
The gnoll is lightly wounded.
The gnoll closely misses you.
You see here a +0 whip.
The gnoll shaman calls upon its god to heal the gnoll.
The gnoll's wounds heal themselves!
The gnoll shaman calls upon its god to speed up the gnoll.
The gnoll seems to speed up.
You scratch the gnoll.
The gnoll is heavily wounded.
You claw the gnoll!
You kill the gnoll!
The gnoll hits you from afar with a +2 vorpal spear!
* * * LOW HITPOINT WARNING * * *
x2 The gnoll hits you from afar with a +2 vorpal spear!
You die...

#.........................
#........g................
#.....####################
#....g#...................
+.....#...................
#...g.#...................
#....g#####..###..g####.##
#####.....######.g.####.##
#..g.@'...............
#.....#...............
+.....#...............
#.....#...............
#.....#......(........
#.....#...............
#.....##+#####.##...##
#.....# ########


You could see a gnoll shaman and 2 gnolls.

Vanquished Creatures
  2 gnolls (D:4)
  2 worms
  2 dart slugs
  A giant cockroach (D:1)
  5 goblins
  A hobgoblin (D:2)
  A ball python (D:1)
  3 bats
  4 rats (D:1)
21 creatures vanquished.

Notes
Turn   | Place    | Note
-------+----------+-------------------------------------------
     0 | D:1      | MisterFreud the Troll Monk began the quest for the Orb.
     0 | D:1      | Reached XP level 1. HP: 22/22 MP: 0/0
   409 | D:1      | Reached XP level 2. HP: 29/29 MP: 1/1
   781 | D:2      | Reached skill level 4 in Unarmed Combat
   785 | D:2      | You fall into a shaft and drop 2 floors!
   908 | D:4      | Reached XP level 3. HP: 36/36 MP: 2/2
   989 | D:4      | Slain by a gnoll

Illustrated notes

Levels and vault maps discovered:
D:1:      lemuel_arrival_rhombus, layout_loops_ring, minmay_fountain_box,
          chequers_serial_rivers_small_a, kennysheep_flooded_box
D:2:      layout_loops_cross, minmay_split_cup_large
D:4:      layout_gridville

Skill      XL: |  1  2 |
---------------+-------+-----
Unarmed Combat | 4 |  4.5
Fighting       | |  2.4
Dodging        | |  2.4
Stealth        | |  1.0

Action                   || total
-------------------------++-------
Melee: Unarmed           ||    57
 Stab: Sleeping          ||     1
Armor: Robe              ||    22
Dodge: Dodged            ||    41
